 Dungeon Crawl Stone Soup version 0.31-a0-978-g1e143483b6 (webtiles) character file.

Game seed: 12245211090231268835

297015 Pooter the Warrior (level 20, -8/191 HPs)
             Began as a Minotaur Fighter on Oct 28, 2023.
             Was an Elder of Okawaru.
             Killed from afar by a starcursed mass (17 damage)
             ... with an accursed screaming
             ... on level 3 of the Abyss on Oct 31, 2023.
             The game lasted 04:23:03 (61311 turns).

Pooter the Warrior (Minotaur Fighter)              Turns: 61311, Time: 04:23:04

Health: -8/191     AC: 37    Str: 36    XL:     20   Next: 9%
Magic:  26/26      EV:  7    Int:  4    God:    Okawaru [****..]
Gold:   2975       SH: 20    Dex: 13    Spells: 14/19 levels left

rFire   + . .        a - +3 eveningstar
rCold   + . .        g - +2 tower shield {rN+}
rNeg    + . .        n - +3 crystal plate armour "Ysoraul" {rElec Will++ Regen+ Str-3}
rPois   +            (helmet restricted)
rElec   +            c - +0 cloak {Stlth+}
rCorr   +            k - +1 pair of gloves
SInv    .            (no boots)
Will    +++..        V - amulet "Feupratu" {Regen+ Str+3} Stlth
                     R - +6 ring of strength
HPRegen 0.00/turn    l - +4 ring of slaying
MPRegen 0.20/turn

%: no passive effects
@: mighty, resistant, on berserk cooldown, sick
A: horns 2, retaliatory headbutt, iridescent scales 2, strong 1, sturdy frame 1
}: 2/15 runes: decaying, serpentine
a: Renounce Religion, Heroism, Finesse


You were on level 3 of the Abyss.
You worshipped Okawaru.
Okawaru was greatly pleased with you.
You visited 7 branches of the dungeon, and saw 34 of its levels.
You visited the Abyss 1 time.

You collected 3884 gold pieces.
You spent 909 gold pieces at shops.

Inventory:

Hand Weapons
 a - a +3 eveningstar (weapon)
   (You took it off Zenata in the Arena)
 b - a +5 hand cannon of flaming
   (Okawaru gifted it to you on level 5 of the Lair of Beasts)
 G - a +1 war axe of flaming
   (You took it off an orc on level 9 of the Dungeon)
 H - a +1 vampiric broad axe
   (You took it off Norris in the Arena)
 M - the +5 scythe "Finisher" {speed, execute}
   (You took it off a tengu conjurer on level 12 of the Dungeon)
Missiles
 p - 46 boomerangs (quivered)
 r - 7 silver javelins
 P - 13 curare-tipped darts
Armour
 c - a +0 cloak of stealth (worn)
   (You took it off Nikola in the Arena)
 g - a +2 tower shield of positive energy (worn)
   (You took it off a naga warrior on level 4 of the Snake Pit)
 j - the +8 chain mail of Noughts and Crosses {rPois}
   (You found it on level 2 of the Snake Pit)

   rPois:     It protects you from poison
 k - a +1 pair of gloves (worn)
   (You found it on level 2 of the Dungeon)
 n - the +3 crystal plate armour "Ysoraul" (worn) {rElec Will++ Regen+ Str-3}
   (Okawaru gifted it to you on level 5 of the Lair of Beasts)

   Str-3:     It affects your strength (-3).
   rElec:     It insulates you from electricity.
   Will++:    It greatly increases your willpower.
   Regen+:    It increases your rate of health regeneration.
 W - a +1 tower shield of protection
   (You took it off a naga warrior on level 4 of the Snake Pit)
 X - the +2 pair of slick slippers {slick, slippery, EV+4}
   (You acquired it on level 14 of the Dungeon)

   Slick:     Its wearer cannot be constricted, engulfed, netted or webbed.
   Slippery:  Its wearer slips away from damaging melee attacks, pulling the
   attacker onward.
   EV+4:      It affects your evasion (+4).
Jewellery
 l - a +4 ring of slaying (right hand)
   (You found it on level 4 of the Dungeon)
 s - a ring of flight
   (You bought it in a shop on level 4 of the Dungeon)
 z - an amulet of reflection
   (You acquired it on level 3 of the Elven Halls)
 F - a ring of protection from fire
   (You took it off a deep elf archer on level 12 of the Dungeon)
 N - a ring of positive energy
   (You found it on level 10 of the Dungeon)
 O - a +6 ring of dexterity
   (You bought it in a shop on level 4 of the Dungeon)
 R - a +6 ring of strength (left hand)
   (You found it on level 10 of the Dungeon)
 V - the amulet "Feupratu" (around neck) {Regen+ Str+3}
   (You found it on level 13 of the Dungeon)

   [amulet of regeneration]

   Str+3:     It affects your strength (+3).
   Regen+:    It increases your rate of health regeneration.
Wands
 d - a wand of mindburst (13)
   (You found it on level 14 of the Dungeon)
 f - a wand of flame (53)
   (You found it on level 5 of the Dungeon)
 u - a wand of paralysis (22)
   (You found it on level 1 of the Lair of Beasts)
 x - a wand of polymorph (16)
   (You took it off a wight on level 7 of the Dungeon)
 D - a wand of digging (13)
   (You found it on level 1 of the Lair of Beasts)
 I - a wand of roots (43)
   (You found it on level 9 of the Dungeon)
 U - a wand of quicksilver (3)
   (You found it on level 9 of the Dungeon)
Scrolls
 e - 8 scrolls of poison {!r}
 i - 18 scrolls of identify {@r1}
 t - 8 scrolls of teleportation {@r4}
 w - 6 scrolls of revelation
 y - a scroll of blinking
 C - 2 scrolls of immolation {!r}
 S - 3 scrolls of vulnerability {!r}
 T - a scroll of silence
 Z - 4 scrolls of fog
Potions
 h - 4 potions of invisibility
 m - 4 potions of resistance
 o - 4 potions of enlightenment
 q - a potion of haste {@q3}
 v - 3 potions of heal wounds {@q2}
 A - a potion of magic
 B - 4 potions of lignification {!q}
 E - 7 potions of brilliance
 J - 8 potions of ambrosia
 K - a potion of might
 L - 2 potions of attraction {!q}
 Q - 3 potions of curing {@q1}
 Y - 2 potions of mutation {!q}


   Skills:
 + Level 19.5 Fighting
 - Level 15.8(16.0) Axes
 - Level 2.8(10.7) Maces & Flails
 - Level 18.0 Ranged Weapons
 + Level 7.1 Throwing
 * Level 18.1 Armour
 - Level 15.3 Shields
 + Level 8.2 Translocations
 - Level 10.5 Invocations
 + Level 8.7 Evocations


You had 14 spell levels left.
You knew the following spells:

 Your Spells              Type           Power      Damage    Failure   Level
a - Manifold Assault      Tloc           6%         N/A       90%         4
c - Apportation           Tloc           12%        N/A       21%         1

Your spell library contained the following spells:

 Spells                   Type           Power      Damage    Failure   Level
 Magic Dart               Conj           0%         1d3       99%         1
 Necrotise                Necr           0%         1d4       99%         1
 Shock                    Conj/Air       0%         1d3       99%         1
 Sting                    Tmut/Pois      0%         1d3       99%         1
 Cigotuvi's Dreadful Rot  Necr/Pois/Air  0%         N/A       100%        2
 Ensorcelled Hibernation  Hex/Ice        0%         N/A       100%        2
 Jinxbite                 Hex            0%         N/A       100%        2
 Passwall                 Tmut/Erth      0%         N/A       100%        2
 Poisonous Vapours        Pois/Air       0%         N/A       100%        2
 Dazzling Flash           Conj/Hex       0%         N/A       100%        3
 Hailstorm                Conj/Ice       0%         3d3       100%        3
 Ignite Poison            Fire/Tmut/Pois 0%         N/A       100%        3
 Mephitic Cloud           Conj/Pois/Air  0%         N/A       100%        3
 Ozocubu's Armour         Ice            0%         N/A       100%        3
 Stone Arrow              Conj/Erth      0%         3d7       100%        3
 Swiftness                Air            0%         N/A       100%        3
 Vampiric Draining        Necr           0%         2d6       100%        3
 Airstrike                Air            0%         2d(0-16)  100%        4
 Anguish                  Hex/Necr       0%         N/A       100%        4
 Dimensional Bullseye     Hex/Tloc       1%         N/A       100%        4
 Flame Wave               Conj/Fire      0%         2d4       100%        4
 Iskenderun's Mystic Bla  Conj/Tloc      3%         2d3       100%        4
 Olgreb's Toxic Radiance  Pois           0%         N/A       100%        4
 Vhi's Electric Charge    Tloc/Air       6%         N/A       100%        4
 Agony                    Necr           0%         N/A       100%        5
 Freezing Cloud           Conj/Ice/Air   0%         6-21      100%        5
 Metabolic Englaciation   Hex/Ice        0%         N/A       100%        5
 Dispersal                Tloc           3%         N/A       100%        6
 Orb of Destruction       Conj           0%         9d5       100%        7
 Ozocubu's Refrigeration  Ice            0%         4d7       100%        7
 Disjunction              Tloc           3%         N/A       100%        8
 Lehudib's Crystal Spear  Conj/Erth      0%         10d2      100%        8
 Chain Lightning          Conj/Air       0%         N/A       100%        9
 Summon Small Mammal      Summ           Unusable   N/A       N/A         1
 Call Imp                 Summ           Unusable   N/A       N/A         2
 Summon Guardian Golem    Hex/Summ       Unusable   N/A       N/A         3
 Tukima's Dance           Hex            Unusable   N/A       N/A         3
 Animate Armour           Summ/Erth      Unusable   N/A       N/A         4
 Summon Ice Beast         Ice/Summ       Unusable   N/A       N/A         4
 Summon Lightning Spire   Summ/Air       Unusable   N/A       N/A         4
 Simulacrum               Ice/Necr       Unusable   N/A       N/A         6
 Spellforged Servitor     Conj/Summ      Unusable   N/A       N/A         7

Dungeon Overview and Level Annotations

Branches:
Dungeon (15/15) Zot: 19055  Temple (1/1) D:7 Zot: 5929    Lair (5/5) D:11 Zot: 23444
  Swamp (4/4) Lair:3 Zot: 17199   Snake (4/4) Lair:3 Zot: 14044   Slime (0/5) Lair:5
    Orc (2/2) D:12 Zot: 6412     Elf (3/3) Orc:2 Zot: 6586  Vaults (0/5) D:14
 Depths (0/4) D:15

Altars:
Ashenzari
Cheibriados
Dithmenos
Elyvilon
Fedhas
Gozag
Hepliaklqana
Kikubaaqudgha
Makhleb
Nemelex Xobeh
Okawaru
Qazlal
Ru
Sif Muna
Trog
Uskayaw
Vehumet
Wu Jian
Xom
Yredelemnul
Zin
The Shining One
Lugonu

Shops:
D:4 =:   D:9 *   D:14 (   D:15 [   Orc:1 :   Orc:2 ?=([   Elf:3 :   Snake:1 [
Snake:4 :

Portals:
Hell: Lair:5

Annotations:
Elf:2 3 runed translucent doors


Innate Abilities, Weirdness & Mutations

You have a pair of horns on your head.
You reflexively headbutt those who attack you in melee.
You are mostly covered in iridescent scales. (AC +4)
Your muscles are strong. (Str +4, Int/Dex -1)
Your movements are slightly less encumbered by armour. (ER -2)


Message History

The tentacled starspawn seems to slow down.
The tentacled starspawn bites you!!
* * * LOW HITPOINT WARNING * * *
The tentacled starspawn tentacle-slaps you but does no damage.
You barely miss the tentacled starspawn.
Your headbutt misses the tentacled starspawn.
The apocalypse crab is no longer moving slowly.
The tentacled starspawn is no longer moving slowly.
You block the starcursed mass's attack.
A starcursed mass splits.
The starcursed mass misses you.
You barely miss the tentacled starspawn.
You headbutt the tentacled starspawn!
You feel like a meek peon again.
The tentacled starspawn barely misses you.
You block the tentacled starspawn's attack.
The starcursed mass touches you but does no damage.
You feel ill.
You impale the tentacled starspawn!!
You block the tentacled starspawn's attack.
The tentacled starspawn tentacle-slaps you.
* * * LOW HITPOINT WARNING * * *
You block the starcursed mass's attack. The starcursed mass touches you.
* * * LOW HITPOINT WARNING * * *
The starcursed mass completely misses you.
You furiously retaliate!
You headbutt the starcursed mass!!
You destroy the starcursed mass!
Okawaru accepts your kill.
A starcursed mass splits.
The starcursed mass touches you but does no damage.
The tentacled starspawn bites you.
* * * LOW HITPOINT WARNING * * *
You block the tentacled starspawn's attack.
Unknown command.
You barely miss the tentacled starspawn.
You block the starcursed mass's attack.
The tentacled starspawn bites you but does no damage.
The tentacled starspawn tentacle-slaps you but does no damage.
You block the starcursed mass's attack.
The starcursed mass touches you but does no damage.
The starcursed mass touches you!
* * * LOW HITPOINT WARNING * * *
You thump the tentacled starspawn!
Your headbutt misses the tentacled starspawn.
You block the tentacled starspawn's attack.
The tentacled starspawn tentacle-slaps you but does no damage.
The starcursed mass touches you.
* * * LOW HITPOINT WARNING * * *
The starcursed mass touches you but does no damage.
A cacophony of accursed wailing tears at your sanity!
You die...

.## .. ..
###'## .
#.X..# ..#
#XX#X#...#
##
#XXX......
..
#.§#x@XX⌠#
. #.wX#t###
##+##.w####
#.# # #.
...## ⌠ .
#.#..# #
#......⌠ ..
#... ####
### .#.# '
# .. ....
..# X. .##
.


You could see 9 starcursed masses, a tentacled starspawn (fast), an ancient zyme
(strong, resistant, petrified), an apocalypse crab (paralysed) and 2 starspawn
tentacles.

Vanquished Creatures
  Mara (Elf:3)
  Bai Suzhen (Snake:3)
  Vashnia (Arena)
  Nikola (Arena)
  Norris (Arena)
  Zenata (Arena)
  Mlioglotl (Snake:2)
  A tentacled monstrosity (Swamp:4)
  2 deep elf blademasters (Elf:3)
  2 deep elf master archers (Elf:3)
  3 tentacled starspawn (Abyss:3)
  4 thorn hunters
  Agnes (Snake:2)
  Kirke (Arena)
  A fenstrider witch (Swamp:4)
  Aizul (Swamp:2)
  The ghost of Imyhos the Cryomancer, an adept DEFE of Gozag (Snake:3)
  3 deep elf elementalists (Elf:3)
  12 nagarajas
  3 deep elf sorcerers
  The ghost of mattiecakes the Warrior, a journeyman MiBe of Trog (Lair:5)
  An orc warlord (Arena)
  3 deep elf demonologists (Elf:3)
  6 eleionomae
  7 bunyips
  4 deep elf annihilators
  2 dire elephants (Lair:5)
  Azrael (D:14)
  Snorg (D:12)
  An ettin (Orc:2)
  Josephine (D:10)
  5 deep elf death magi (Elf:3)
  An entropy weaver (Abyss:3)
  A great orb of eyes (D:15)
  A rakshasa (D:15)
  A jorogumo (shapeshifter) (Elf:2)
  A deep elf high priest (Elf:3)
  4 vault guards (D:14)
  4 salamander tyrants
  An ogre mage (D:14)
  A ghost crab (Swamp:3)
  23 hydras
  6 boulder beetles
  16 alligators
  7 anacondas
  18 dancing weapons
  4 centaur warriors
  8 two-headed ogres
  23 naga warriors
  A tengu warrior (D:12)
  6 death yaks (Lair:4)
  2 orc high priests
  17 naga sharpshooters
  An occultist (Lair:5)
  3 shock serpents
  A spriggan berserker (Swamp:4)
  3 thrashing horrors (Abyss:3)
  Sonja (Lair:4)
  A sun demon (D:13)
  11 deep elf knights
  2 soul eaters (D:13)
  6 spriggans
  A sixfirhy (Lair:5)
  6 skysharks
  2 wretched stars (Abyss:3)
  3 salamander mystics
  4 sea snakes (Snake:1)
  4 goliath frogs
  5 spriggan druids
  4 naga ritualists
  5 bog bodies
  2 spriggan simulacra (D:14)
  10 swamp dragons
  9 deep elf archers
  5 orc knights
  A wolf spider (shapeshifter) (D:15)
  26 deep elf pyromancers
  27 deep elf zephyrmancers
  2 will-o-the-wisps (Swamp:1)
  4 mana vipers
  3 large abominations (Abyss:3)
  20 ugly things
  2 manticores
  16 salamanders
  4 orc sorcerers (Orc:2)
  A worldbinder (Abyss:3)
  6 elephants
  18 guardian serpents
  8 cyclopes
  24 black mambas
  4 smoke demons
  15 naga magi
  An apocalypse crab (Abyss:3)
  2 gargoyles (D:12)
  An orange demon (Lair:5)
  13 cane toads
  6 rime drakes
  5 kobold demonologists
  An efreet (D:13)
  2 tengu conjurers
  3 ice devils (Lair:5)
  5 komodo dragons
  2 yaktaurs (D:14)
  A red devil (Lair:5)
  A queen bee (D:11)
  9 trolls
  A bloated husk (Swamp:3)
  A merfolk (shapeshifter) (D:15)
  An alligator simulacrum (D:14)
  4 tyrant leeches
  8 hornets
  4 dream sheep
  30 blink frogs
  16 slime creatures
  4 air elementals
  3 shadows
  2 water elementals
  11 wraiths
  Eustachio (D:4)
  2 ynoxinuls (D:13)
  2 vampires
  43 yaks
  14 basilisks
  4 hogs (Snake:1)
  9 wyverns
  4 fire elementals
  3 minotaur simulacra (D:14)
  7 vampire mosquitoes
  A human (D:14)
  3 chaos spawn
  48 nagas
  17 swamp worms
  2 wargs
  2 acid dragons
  10 hell hounds
  27 water moccasins
  A small abomination (Abyss:3)
  39 orc warriors
  An ice beast (D:7)
  4 black bears
  14 swamp drakes
  8 ogres
  3 sky beasts (D:7)
  4 boggarts (D:15)
  3 starcursed masses (Abyss:3)
  24 wolves
  11 centaurs
  3 phantoms
  7 kobold brigands
  22 bullfrogs
  3 gnoll sergeants
  A deep troll simulacrum (D:14)
  A wyvern zombie (D:5)
  5 earth elementals
  A necrophage (D:5)
  4 scorpions
  22 wights
  A water moccasin skeleton (D:5)
  40 killer bees
  A lindwurm simulacrum (D:14)
  4 electric eels
  6 howler monkeys
  A lava snake (Orc:1)
  A quasit (Abyss:3)
  8 jellies
  24 orc priests
  A hound (D:6)
  A spectral scorpion (D:5)
  2 sleepcaps (D:7)
  Natasha (thrice) (D:2)
  3 gnoll boudas
  3 iguanas
  29 orc wizards
  8 hell rats (Lair:4)
  A centaur simulacrum (D:5)
  4 adders
  30 gnolls
  A shadow imp (D:6)
  A howler monkey simulacrum (D:7)
  4 white imps
  4 ufetubi
  4 worms
  5 dart slugs
  101 orcs
  6 bats
  9 endoplasms
  A giant cockroach (D:3)
  A goblin (shapeshifter) (D:12)
  3 goblins
  8 hobgoblins
  2 jackals (D:1)
  66 kobolds
  2 quokkas
  3 training dummies (D:14)
  7 ball pythons
  3 rats
  3 spectral weapons (Snake:4)
1413 creatures vanquished.

Vanquished Creatures (others)
  Donald (Swamp:2)
  A deep elf knight (Elf:3)
  A naga sharpshooter (Snake:4)
  A deep elf pyromancer (Elf:1)
  2 bloated husks
  A vampire mosquito (Swamp:2)
  6 foxfires (Swamp:1)
  9 starspawn tentacles (Abyss:3)
22 creatures vanquished.

Grand Total: 1435 creatures vanquished

Notes
Turn   | Place    | Note
-------+----------+-------------------------------------------
     0 | D:1      | Pooter the Minotaur Fighter began the quest for the Orb.
     0 | D:1      | Reached XP level 1. HP: 19/19 MP: 0/0
   132 | D:1      | Reached XP level 2. HP: 27/27 MP: 1/1
   178 | D:1      | Reached skill level 4 in Fighting
   375 | D:1      | Reached XP level 3. HP: 33/33 MP: 2/2
  1047 | D:2      | Noticed Natasha
  1051 | D:2      | Killed Natasha
  1218 | D:2      | Reached XP level 4. HP: 41/41 MP: 3/3
  1441 | D:2      | Noticed Natasha
  1446 | D:2      | Killed Natasha
  1585 | D:2      | Identified the orb "Ihie" {*Rage, Rampage rPois Int-2
                  | Stlth+}
  1684 | D:2      | Noticed Natasha
  1687 | D:2      | Killed Natasha
  1763 | D:3      | Reached XP level 5. HP: 47/47 MP: 4/4
  2101 | D:3      | Found a faded altar of an unknown god.
  2190 | D:3      | Reached skill level 5 in Shields
  2193 | D:3      | Reached skill level 5 in Axes
  2326 | D:3      | Reached XP level 6. HP: 48/55 MP: 5/5
  2360 | D:3      | Reached skill level 5 in Fighting
  2858 | D:3      | Identified the +5 dagger of the Sneaky Dances {flame,
                  | Contam +Blink Int+4 SInv}
  2897 | D:3      | Reached XP level 7. HP: 46/61 MP: 6/6
  3069 | D:3      | Found a white marble altar of Elyvilon.
  3293 | D:4      | Found Hecs's Self-Published Books.
  3386 | D:4      | Found Pasurhenyo's Jewellery Emporium.
  3394 | D:4      | Bought a ring of flight for 175 gold pieces
  3968 | D:4      | Noticed Eustachio
  3996 | D:4      | Killed Eustachio
  4476 | D:5      | Entered Level 5 of the Dungeon
  4623 | D:5      | Identified the ring of Sedei {rF+ rN+ MP+9 EV+5 Slay-4}
  4676 | D:5      | Reached skill level 6 in Fighting
  4772 | D:5      | Reached XP level 8. HP: 70/70 MP: 7/7
  4940 | D:5      | Identified the +7 dagger "Matz" {pain, Str+2 Int+3 Dex+5}
  5040 | D:5      | Found a basalt altar of Yredelemnul.
  5186 | D:5      | Found a stormy altar of Qazlal.
  5229 | D:5      | Found a large runed translucent door.
  5229 | D:5      | Found a large runed translucent door.
  5413 | D:5      | Found a sparkling altar of Nemelex Xobeh.
  5424 | D:5      | Found a hide-covered altar of Uskayaw.
  5436 | D:5      | Upgraded the game from 0.31-a0-971-g75a2e9a4b4 to
                  | 0.31-a0-977-gc230f8ef24
  5640 | D:6      | Reached skill level 7 in Fighting
  6044 | D:7      | Reached XP level 9. HP: 75/79 MP: 8/8
  6076 | D:7      | Reached skill level 10 in Axes
  6076 | D:7      | Reached skill level 10 in Shields
  6271 | D:7      | Noticed a two-headed ogre
  6353 | D:7      | Reached skill level 8 in Fighting
  6383 | D:7      | Found a staircase to the Ecumenical Temple.
  6394 | Temple   | Entered the Ecumenical Temple
  6435 | Temple   | Became a worshipper of Warmaster Okawaru
  6474 | D:7      | Paralysed by a hornet for 3 turns
  6539 | D:7      | Noticed a boulder beetle
  6678 | D:7      | Killed a boulder beetle
  6678 | D:7      | Reached * piety under Okawaru
  6682 | D:7      | Reached XP level 10. HP: 84/90 MP: 9/9
  6760 | D:7      | Noticed a two-headed ogre
  6770 | D:7      | Killed a two-headed ogre
  6770 | D:7      | Reached ** piety under Okawaru
  6809 | D:7      | Reached skill level 9 in Fighting
  7048 | D:7      | Noticed a boulder beetle
  7067 | D:7      | Killed a boulder beetle
  7313 | D:7      | Killed a two-headed ogre
  7313 | D:7      | Reached *** piety under Okawaru
  7511 | D:7      | Noticed a boulder beetle
  7513 | D:7      | Noticed a two-headed ogre
  7529 | D:6      | Killed a boulder beetle
  7606 | D:6      | Killed a two-headed ogre
  7606 | D:6      | Reached **** piety under Okawaru
  7607 | D:6      | Reached XP level 11. HP: 66/99 MP: 10/10
  7716 | D:7      | Reached skill level 10 in Fighting
  8406 | D:8      | Reached skill level 1 in Maces & Flails
  8469 | D:8      | Learned a level 1 spell: Apportation
  8519 | D:8      | Reached skill level 1 in Ranged Weapons
  8688 | D:8      | Reached skill level 1 in Invocations
  9360 | D:9      | Found Ytuaji Akoa's Changing Room.
  9368 | D:9      | Bought a potion of lignification for 30 gold pieces
  9392 | D:9      | Identified the +6 long sword "Sorodes" {flame, Str+2 Dex+2}
  9494 | D:9      | Reached skill level 1 in Translocations
 10208 | D:10     | Entered Level 10 of the Dungeon
 10590 | D:10     | Noticed Josephine
 10603 | D:10     | Killed Josephine
 10880 | D:10     | Noticed a two-headed ogre
 10880 | D:10     | Noticed a two-headed ogre
 10928 | D:10     | Reached skill level 5 in Ranged Weapons
 11094 | D:10     | Killed a two-headed ogre
 11095 | D:10     | Reached XP level 12. HP: 108/108 MP: 10/13
 11138 | D:10     | Reached skill level 11 in Fighting
 11311 | D:10     | Noticed a two-headed ogre
 11316 | D:10     | Killed a two-headed ogre
 11424 | D:10     | Killed a two-headed ogre
 11691 | D:11     | Noticed a two-headed ogre
 11696 | D:11     | Killed a two-headed ogre
 11760 | D:11     | Found a staircase to the Lair.
 12098 | D:10     | Reached skill level 15 in Axes
 12297 | Lair:1   | Entered Level 1 of the Lair of Beasts
 12376 | Lair:1   | Reached ***** piety under Okawaru
 12536 | Lair:1   | Received a gift from Okawaru
 13305 | Lair:2   | Noticed a six-headed hydra
 13313 | Lair:2   | Killed a two-headed hydra
 13315 | Lair:2   | Reached skill level 5 in Invocations
 13452 | Lair:2   | Noticed a five-headed hydra
 13459 | Lair:2   | Killed a two-headed hydra
 13460 | Lair:2   | Reached XP level 13. HP: 110/117 MP: 15/15
 13707 | Lair:2   | Reached skill level 12 in Fighting
 14570 | Lair:3   | Received a gift from Okawaru
 14668 | Lair:3   | Noticed an eleionoma
 14681 | Lair:3   | Killed an eleionoma
 14745 | Lair:3   | Found a staircase to the Swamp.
 14947 | Lair:3   | Found a staircase to the Snake Pit.
 15189 | Lair:3   | Reached skill level 10 in Ranged Weapons
 15300 | Lair:3   | Identified the +2 hand axe "Filunim" {speed, +Blink rElec
                  | Int-3 Dex+2}
 15515 | Lair:3   | Reached skill level 5 in Translocations
 15657 | Lair:4   | Received a gift from Okawaru
 15826 | Lair:4   | Reached skill level 13 in Fighting
 15969 | Lair:4   | Reached XP level 14. HP: 129/129 MP: 11/18
 16028 | Lair:4   | Noticed Sonja
 16036 | Lair:4   | Killed Sonja
 16137 | Lair:4   | Received a gift from Okawaru
 16859 | Lair:5   | Entered Level 5 of the Lair of Beasts
 17078 | Lair:5   | Found a runed translucent door.
 17078 | Lair:5   | Noticed mattiecakes's ghost (journeyman MiBe)
 17105 | Lair:5   | Reached ****** piety under Okawaru
 17106 | Lair:5   | Acquired a +4 hand cannon of flaming
 17106 | Lair:5   | Received a gift from Okawaru
 17206 | Lair:5   | Acquired the +3 crystal plate armour "Ysoraul" {rElec
                  | Will++ Regen+ Str-3}
 17206 | Lair:5   | Received a gift from Okawaru
 17241 | Lair:5   | Killed mattiecakes's ghost
 17241 | Lair:5   | Received a gift from Okawaru
 17938 | Lair:5   | Reached skill level 14 in Fighting
 17998 | Lair:5   | Received a gift from Okawaru
 18104 | Lair:5   | Found a burning altar of Makhleb.
 18214 | Lair:5   | Found a gateway to Hell.
 18575 | Lair:5   | Found a staircase to the Slime Pits.
 18860 | D:12     | Reached XP level 15. HP: 109/139 MP: 17/20
 18874 | D:12     | Received a gift from Okawaru
 19002 | D:12     | You fall into a shaft and drop 3 floors!
 19002 | D:15     | Entered Level 15 of the Dungeon
 19466 | D:12     | Noticed Snorg
 19472 | D:12     | Killed Snorg
 19942 | D:12     | Found a staircase to the Orcish Mines.
 19955 | Orc:1    | Entered Level 1 of the Orcish Mines
 20081 | Orc:1    | Found Zoinurum's Book Emporium.
 20481 | Arena    | Entered the Arena
 20829 | Orc:2    | Entered Level 2 of the Orcish Mines
 22436 | Orc:2    | Reached skill level 15 in Fighting
 23407 | Arena    | Entered the Arena
 25170 | Orc:2    | Found Zuesafiff's Jewellery Boutique.
 25170 | Orc:2    | Found Ziohuno's Antique Armour Shop.
 25171 | Orc:2    | Found Beshric's Weapon Shop.
 25175 | Orc:2    | Found Qaxen's Magic Scroll Boutique.
 25182 | Orc:2    | Bought a scroll of identify for 30 gold pieces
 25182 | Orc:2    | Bought a scroll of identify for 30 gold pieces
 25182 | Orc:2    | Bought a scroll of silence for 142 gold pieces
 25182 | Orc:2    | Bought a scroll of revelation for 112 gold pieces
 25182 | Orc:2    | Bought a scroll of identify for 30 gold pieces
 25201 | Orc:2    | Found a staircase to the Elven Halls.
 25381 | Snake:1  | Identified the of Plog
 25381 | Desolati | Identified the "Cuf Yjoorph"
 25381 | Desolati | Identified the "Porypi Kaisi"
 25381 | Desolati | Identified the "Zosiciw"
 25381 | Vaults:5 | Identified the "Pynkuis"
 25381 | Vaults:5 | Identified the "Ateakaat"
 25381 | Crypt:2  | Identified the of Axaselog
 25381 | Elf:1    | Identified the of Jepu Juwn
 25381 | Elf:1    | Entered Level 1 of the Elven Halls
 26533 | D:13     | Identified the amulet "Feupratu" {Regen+ Str+3}
 26721 | D:13     | Gained mutation: You passively dampen the noise of your
                  | surroundings. [potion of mutation]
 26721 | D:13     | Gained mutation: Your body sometimes deteriorates upon
                  | taking damage. [potion of mutation]
 26721 | D:13     | Gained mutation: You occasionally shout uncontrollably at
                  | your foes. [potion of mutation]
 26721 | D:13     | Gained mutation: You are partially covered in iridescent
                  | scales. (AC +2) [potion of mutation]
 26722 | D:13     | Lost mutation: Your body sometimes deteriorates upon taking
                  | damage. [potion of mutation]
 26722 | D:13     | Lost mutation: You passively dampen the noise of your
                  | surroundings. [potion of mutation]
 26722 | D:13     | Gained mutation: You sometimes lose your temper in combat.
                  | [potion of mutation]
 26722 | D:13     | Gained mutation: You are robust. (+10% HP) [potion of
                  | mutation]
 26723 | D:13     | Lost mutation: You are robust. (+10% HP) [potion of
                  | mutation]
 26723 | D:13     | Lost mutation: You are partially covered in iridescent
                  | scales. (AC +2) [potion of mutation]
 26723 | D:13     | Lost mutation: You sometimes lose your temper in combat.
                  | [potion of mutation]
 26723 | D:13     | Gained mutation: You are frail. (-10% HP) [potion of
                  | mutation]
 26723 | D:13     | Gained mutation: You are resistant to electric shocks.
                  | (rElec) [potion of mutation]
 26724 | D:13     | Lost mutation: You are frail. (-10% HP) [potion of
                  | mutation]
 26724 | D:13     | Lost mutation: You occasionally shout uncontrollably at
                  | your foes. [potion of mutation]
 26724 | D:13     | Gained mutation: Your movements are slightly less
                  | encumbered by armour. (ER -2) [potion of mutation]
 26724 | D:13     | Gained mutation: You passively dampen the noise of your
                  | surroundings. [potion of mutation]
 26825 | D:13     | Found a corrupted altar of Lugonu.
 26998 | D:14     | Noticed Azrael
 27015 | D:14     | Killed Azrael
 27016 | D:14     | Reached skill level 15 in Ranged Weapons
 27112 | D:14     | Reached skill level 5 in Armour
 27112 | D:14     | Reached skill level 10 in Invocations
 27157 | D:14     | Found Tirghiost's Firing Range.
 27168 | D:14     | Upgraded the game from 0.31-a0-977-gc230f8ef24 to
                  | 0.31-a0-978-g1e143483b6
 27300 | D:14     | Identified a scroll of acquirement
 27307 | D:14     | Acquired the +2 pair of slick slippers {slick, slippery,
                  | EV+4}
 27307 | D:14     | Found the +2 pair of slick slippers {slick, slippery, EV+4}
 30843 | D:14     | Found a gate to the Vaults.
 31208 | D:15     | Reached XP level 16. HP: 133/149 MP: 22/22
 31385 | D:15     | Found Deifao's Antique Armour Boutique.
 31392 | D:15     | Found a white marble altar of Elyvilon.
 31845 | D:15     | Found a staircase to the Depths.
 31972 | D:15     | Lost mutation: Your movements are slightly less encumbered
                  | by armour. (ER -2) [potion of mutation]
 31972 | D:15     | Lost mutation: You passively dampen the noise of your
                  | surroundings. [potion of mutation]
 31972 | D:15     | Gained mutation: Your mind is acute. (Int +4, Str/Dex -1)
                  | [potion of mutation]
 31972 | D:15     | Gained mutation: Potions are less effective at restoring
                  | your health. [potion of mutation]
 31973 | D:15     | Lost mutation: Potions are less effective at restoring your
                  | health. [potion of mutation]
 31973 | D:15     | Lost mutation: Your mind is acute. (Int +4, Str/Dex -1)
                  | [potion of mutation]
 31973 | D:15     | Lost mutation: You are resistant to electric shocks.
                  | (rElec) [potion of mutation]
 31973 | D:15     | Gained mutation: You have hidden genetic potential. [potion
                  | of mutation]
 31973 | D:15     | Gained mutation: You are dopey. (Int -2) [potion of
                  | mutation]
 31974 | D:15     | Lost mutation: You are dopey. (Int -2) [potion of mutation]
 31974 | D:15     | Lost mutation: You have hidden genetic potential. [potion
                  | of mutation]
 31974 | D:15     | Gained mutation: Your muscles are strong. (Str +4, Int/Dex
                  | -1) [potion of mutation]
 31974 | D:15     | Gained mutation: Armour fits poorly on your strangely
                  | shaped body. [potion of mutation]
 32211 | D:4      | Bought a +6 ring of dexterity for 360 gold pieces
 32438 | Snake:1  | Entered Level 1 of the Snake Pit
 33068 | Snake:1  | Reached skill level 16 in Fighting
 33069 | Snake:1  | Noticed Kirke
 33254 | Arena    | Entered the Arena
 33261 | Arena    | Killed Kirke
 33336 | Snake:1  | Received a gift from Okawaru
 33555 | Snake:1  | Found Otaverid's Armour Emporium.
 34406 | Snake:2  | Noticed Vashnia
 34469 | Arena    | Entered the Arena
 34477 | Arena    | Killed Vashnia
 35348 | Snake:2  | Noticed Agnes
 35366 | Snake:2  | Killed Agnes
 36568 | Snake:2  | Identified the +8 chain mail of Noughts and Crosses {rPois}
 36661 | Snake:3  | Noticed Mlioglotl
 36673 | Snake:2  | Killed Mlioglotl
 36723 | Snake:3  | Reached skill level 1 in Evocations
 37535 | Snake:3  | HP: 1/152 [salamander/+0 halberd (11)]
 37688 | Snake:3  | Received a gift from Okawaru
 37689 | Snake:3  | Reached skill level 10 in Armour
 37689 | Snake:3  | Reached XP level 17. HP: 137/159 MP: 23/23
 38734 | Snake:3  | Found a large runed translucent door.
 38734 | Snake:3  | Found a large runed translucent door.
 38735 | Snake:3  | Noticed Imyhos's ghost (adept DEFE)
 38755 | Snake:3  | Killed Imyhos's ghost
 38989 | Snake:3  | Noticed Bai Suzhen
 39024 | Snake:3  | Killed Bai Suzhen
 39173 | Snake:4  | Entered Level 4 of the Snake Pit
 39544 | Snake:4  | Found Feec's Self-Improvement Boutique.
 39620 | Snake:4  | Reached skill level 17 in Fighting
 41653 | Snake:4  | Got a serpentine rune of Zot
 41841 | Snake:4  | Reached skill level 15 in Shields
 41905 | Snake:4  | HP: 6/161 [nagaraja/+0 halberd (27)]
 42360 | Swamp:1  | Entered Level 1 of the Swamp
 42436 | Swamp:1  | Received a gift from Okawaru
 42437 | Swamp:1  | Reached XP level 18. HP: 158/170 MP: 24/24
 43931 | Swamp:1  | Reached skill level 5 in Evocations
 44197 | Swamp:1  | Lost mutation: Your muscles are strong. (Str +4, Int/Dex
                  | -1) [potion of mutation]
 44197 | Swamp:1  | Lost mutation: Armour fits poorly on your strangely shaped
                  | body. [potion of mutation]
 44197 | Swamp:1  | Gained mutation: You have large cloven feet. [potion of
                  | mutation]
 44197 | Swamp:1  | Gained mutation: You are frail. (-10% HP) [potion of
                  | mutation]
 44197 | Swamp:1  | Gained mutation: You are somewhat resistant to further
                  | mutation. [potion of mutation]
 44197 | Swamp:1  | Gained mutation: Your muscles are strong. (Str +4, Int/Dex
                  | -1) [potion of mutation]
 44198 | Swamp:1  | Lost mutation: You are somewhat resistant to further
                  | mutation. [potion of mutation]
 44198 | Swamp:1  | Lost mutation: You are frail. (-10% HP) [potion of
                  | mutation]
 44198 | Swamp:1  | Lost mutation: You have large cloven feet. [potion of
                  | mutation]
 44198 | Swamp:1  | Gained mutation: You are partially covered in iridescent
                  | scales. (AC +2) [potion of mutation]
 44198 | Swamp:1  | Gained mutation: Your movements are slightly less
                  | encumbered by armour. (ER -2) [potion of mutation]
 44198 | Swamp:1  | Gained mutation: You are mostly covered in iridescent
                  | scales. (AC +4) [potion of mutation]
 45059 | Swamp:2  | Identified the +0 kite shield of Infinity {Fly rElec Regen+
                  | Int-5}
 45059 | Swamp:2  | Noticed Donald
 45060 | Swamp:2  | Noticed Nikola
 45064 | Swamp:2  | Killed Donald
 45065 | Arena    | Entered the Arena
 45081 | Arena    | Killed Nikola
 45492 | Swamp:2  | Identified the serpent talisman of Ru's Brutal Revenge
                  | {*Slow rPois Str+5}
 45492 | Swamp:2  | Noticed Aizul
 45506 | Swamp:2  | Killed Aizul
 47376 | Swamp:3  | Reached skill level 1 in Throwing
 47492 | Swamp:3  | Reached skill level 18 in Fighting
 47894 | Swamp:4  | Entered Level 4 of the Swamp
 48122 | Swamp:4  | Paralysed by a fenstrider witch for 4 turns
 48175 | Swamp:4  | Noticed a tentacled monstrosity
 48189 | Swamp:4  | Killed a tentacled monstrosity
 48191 | Swamp:4  | Reached skill level 15 in Armour
 49174 | Swamp:4  | Got a decaying rune of Zot
 50284 | Elf:1    | Noticed Zenata
 50287 | Arena    | Entered the Arena
 50302 | Arena    | Killed Zenata
 50303 | Arena    | Reached XP level 19. HP: 160/180 MP: 17/25
 50547 | Elf:1    | Paralysed by an air elemental for 1 turns
 50549 | Elf:1    | Paralysed by an air elemental for 1 turns
 50751 | Elf:1    | Reached skill level 5 in Throwing
 50809 | Elf:1    | Received a gift from Okawaru
 50935 | Elf:1    | Learned a level 4 spell: Manifold Assault
 53162 | Elf:2    | Paralysed by an air elemental for 1 turns
 54223 | Elf:2    | Found a runed translucent gate.
 54224 | Elf:2    | Found a runed translucent gate.
 54224 | Elf:2    | Found a runed translucent gate.
 54565 | Elf:3    | Identified the "Pimos"
 54565 | Elf:3    | Identified the "Hol Cun"
 54565 | Elf:3    | Entered Level 3 of the Elven Halls
 54775 | Elf:3    | Paralysed by an air elemental for 1 turns
 54798 | Elf:3    | Reached skill level 19 in Fighting
 55102 | Elf:3    | Found Omaistror's Book Boutique.
 55171 | Elf:3    | Noticed a Tzitzimitl
 56382 | Elf:3    | Noticed Norris
 56497 | Arena    | Entered the Arena
 56506 | Arena    | Killed Norris
 56734 | Elf:3    | Acquired an amulet of reflection
 57822 | Elf:3    | Identified the +6 flail "Inokhla" {heavy, rN+}
 58194 | Elf:3    | Noticed a Brimstone Fiend
 58252 | Elf:3    | Identified the +0 ring mail of the Devil's Advocate {rC+
                  | Regen+}
 58798 | Elf:3    | Identified the amulet of Temperance {Will+ Regen+ rCorr}
 59024 | Elf:3    | Identified the +10 glaive of the Queen {heavy, Fragile rC+
                  | rCorr}
 59761 | Elf:3    | Identified the +4 dagger of Peril {spect, Fly}
 59779 | Elf:3    | Noticed Mara
 59904 | Elf:3    | Noticed Pooter's illusion
 59959 | Elf:3    | Killed Mara
 60425 | Elf:3    | Identified the +1 plate armour "Naaf Oda" {Will+ Str+3
                  | Dex-2}
 60425 | Elf:3    | Identified the ring "Guemyin" {rN+ rCorr Dex+4}
 60898 | Abyss:2  | Cast into level 2 of the Abyss (ghostly deep elf death
                  | mage)
 61150 | Abyss:3  | Found a sacrificial altar of Ru.
 61186 | Abyss:3  | Reached XP level 20. HP: 182/191 MP: 26/26
 61197 | Abyss:3  | Found a sacrificial altar of Ru.
 61311 | Abyss:3  | HP: 9/191 [starcursed mass (3)]
 61311 | Abyss:3  | Killed from afar by a starcursed mass

Illustrated notes

Levels and vault maps discovered:
D:1:      giann_wishing_wells, layout_basic, serial_rivers,
          chequers_serial_rivers_micro_b, chequers_serial_rivers_room_a,
          chequers_serial_rivers_small_a, chequers_serial_rivers_large_a,
          chequers_serial_rivers_small_b, grunt_decor_resistance
D:2:      layout_basic, uniq_natasha
D:3:      minmay_goblin_kobold_castle, layout_loops_ring,
          general_overflow_altar, shapermc_ecumenical_altar_mp_vishouse
D:4:      layout_loops_corners, serial_shops, shop, nicolae_custom_books,
          uniq_eustachio
D:5:      layout_basic, mainiacjoe_overflow_alcove_2, jmf_multi_god_temple2,
          grunt_qazlal_clouds, dilly_guarded_unrand_morg
D:6:      layout_cave_pools
D:7:      nzn_winding_woodlands_stair_cross [nzn_winding_woodlands_5x15_parted,
          nzn_winding_woodlands_center_garden,
          nzn_winding_woodlands_5x15_river_crossing,
          nzn_winding_woodlands_5x5_perimeter,
          nzn_winding_woodlands_5x5_default,
          nzn_winding_woodlands_5x15_sawtooth,
          nzn_winding_woodlands_center_pierced_h,
          nzn_winding_woodlands_5x15_pathside_ponds], layout_basic,
          minmay_temple_entry_glassed_door, hangedman_decor_peaks_small,
          hangedman_minor_gate_pass
D:8:      layout_basic, serial_glass, glass_columns_c, glass_columns_b,
          nicolae_underground_beach
D:9:      layout_gridville, special_room [special_room_orc],
          nicolae_transmutations_shop, st_stairs_3
D:10:     layout_cross, minmay_joined_circles, uniq_josephine
D:11:     layout_roguey [special_room_bee], david_lair_generic,
          grunt_ministairs_11, serial_bayou_pond_d
D:12:     minmay_the_grid_triangle_9x9_rhombus_full_mashed
          [minmay_the_grid_triangle_9x9_longest,
          minmay_the_grid_triangle_9x9_minimal,
          minmay_the_grid_triangle_9x9_pentomino_pain,
          minmay_the_grid_triangle_9x9_negative_grid,
          minmay_the_grid_triangle_9x9_sparse_checkered,
          minmay_the_grid_triangle_9x9_stretched_checkered,
          minmay_the_grid_triangle_9x9_corruption,
          minmay_the_grid_triangle_9x9_prize_schism], layout_loops_ring,
          david_orc_4, uniq_snorg
D:13:     layout_roguey [special_room_orc], serial_demonic, serial_demonic_g,
          serial_demonic_e, serial_demonic_a, serial_demonic_d,
          hangedman_glass_teeth, tgw_lugonu_bribe
D:14:     layout_cave_pools, grunt_vaults_entry_fortified, corexii_corridor_pit,
          portal_ice_cave_entry_ice_simulacra, nicolae_shop_firing_range,
          uniq_azrael
D:15:     gammafunk_enter_depths_forms, layout_long_grid, serial_shops,
          nicolae_shop_window_shopping, minmay_misc_feat_diagonals,
          elyvilon_altar_4
Temple:   bh_familiar_temple
Lair:1:   layout_gridlike, chequers_serial_rivers_small_a, beast_lair_carwin_7,
          infiniplex_staircase_pool_2, grunt_megastairs_4, serial_bayou_shore_a
Lair:2:   layout_regular_city, amcnicky_mini_pool_medium
Lair:3:   layout_chaotic_city, alex1729_swamp_entry_worm_eleionoma,
          guppyfry_snake_entry_island, serial_bayou_lagoon_a, grunt_megastairs_1
Lair:4:   layout_cellular_growth, special_room [special_room_mythical_zoo],
          enter_volcano_3, grunt_megastairs_2, serial_bayou_shore_b, uniq_sonja
Lair:5:   evil_forest, layout_long_grid, nicolae_slime_entry_slimehenge,
          hellmonk_ghost_happy_afterlife, grunt_megastairs_3
Swamp:1:  nicolae_swamp_long_stream, layout_basic_swamp, hangedman_swamp_lotus,
          swamp_pool5
Swamp:2:  layout_basic_swamp, evilmike_swamp_ruin_house_2, uniq_nikola,
          uniq_aizul, uniq_donald
Swamp:3:  layout_falls_marsh, serial_swamp_ruin, evilmike_swamp_ruin_house_3,
          evilmike_swamp_ruin_rubble_1, swamp_pool5, infiniplex_staircase_pool
Swamp:4:  swamp, layout_basic_swamp
Snake:1:  layout_misc_corridors, serial_shops, shop, nicolae_snake_snake_lake,
          uniq_kirke
Snake:2:  layout_rooms, uniq_agnes, uniq_vashnia
Snake:3:  layout_rooms, ebering_ghost_disaster_area, uniq_bai_suzhen,
          uniq_mlioglotl
Snake:4:  grunt_snake_rune_spirals, layout_onion, nicolae_shop_self_help
Orc:1:    layout_diamond_mine, serial_shops, nicolae_shop_back_alley_shop,
          nicolae_orc_lava_tube
Orc:2:    st_orc_mages, layout_caves, basic_altar
Elf:1:    eino_elf_arrival_customs, layout_rooms, serial_shops, bzr_in_the_mist,
          minmay_elf_annihilation, corexii_leaking_fountain, minivault_4,
          grunt_megastairs_5, uniq_zenata
Elf:2:    nicolae_elf_blades_crystal_corner, layout_loops_ring,
          grunt_ministairs_13, small_statue_intersection, minmay_misc_feat_five
Elf:3:    elf_hall, layout_gridlike, serial_shops,
          nicolae_shop_advertising_works [nicolae_subvault_shop_adworks],
          uniq_norris, uniq_mara
Abyss:3:  base: Crypt:3, hangedman_abyss_exit_choices,
          hangedman_abyss_or_decor_passed, nicolae_abyss_rune_left_handed,
          nicolae_abyss_rune_left_handed

Skill      XL: |  1  2  3  4  5  6  7  8  9 10 11 12 13 14 15 16 17 18 19 20 |
---------------+-------------------------------------------------------------+-----
Axes           | 3 4 5 6 7 9 11 13 14 15 | 15.8
Fighting       | 4 5 6 7 8 9 10 11 13 14 15 16 17 18 19 | 19.5
Shields        | 4 5 6 7 9 11 13 14 15 | 15.3
Maces & Flails | 2 |  2.8
Ranged Weapons | 5 8 11 13 15 17 18 | 18.0
Invocations    | 3 5 7 8 10 | 10.5
Translocations | 2 3 5 6 7 8 |  8.2
Armour         | 5 10 12 15 17 18 | 18.1
Evocations     | 1 4 7 8 |  8.7
Throwing       | 4 7 |  7.1

Action                     |  1- 3 |  4- 6 |  7- 9 | 10-12 | 13-15 | 16-18 | 19-21 || total
---------------------------+-------+-------+-------+-------+-------+-------+-------++-------
  Melee: War axe           |    51 |   152 |   187 |   359 |   971 |   713 |       ||  2433
         Headbutt          |     7 |    23 |    41 |   104 |   228 |   186 |    69 ||   658
         Morningstar       |       |       |    28 |   141 |       |       |       ||   169
         Eveningstar       |       |       |       |       |       |       |   260 ||   260
   Fire: Sling             |       |       |       |    30 |       |       |       ||    30
         Hand cannon       |       |       |       |       |   379 |   731 |   343 ||  1453
  Throw: Boomerang         |       |       |    23 |    27 |    22 |    12 |     3 ||    87
         Dart              |       |       |     2 |    13 |       |       |     1 ||    16
         Javelin           |       |       |       |       |       |     3 |       ||     3
 Invoke: Heroism           |       |       |       |    23 |    24 |    34 |    25 ||   106
         Finesse           |       |       |       |       |     3 |     3 |       ||     6
         Receive Weapon    |       |       |       |       |     1 |       |       ||     1
         Receive Armour    |       |       |       |       |     1 |       |       ||     1
         Duel              |       |       |       |       |     2 |     4 |     1 ||     7
  Evoke: Wand              |       |       |     1 |     9 |     9 |    14 |    10 ||    43
    Use: Scroll            |     2 |       |     5 |    15 |    17 |     6 |     1 ||    46
         Potion            |       |     1 |       |       |     4 |    12 |     9 ||    26
   Stab: Paralysed         |       |       |       |       |     3 |       |     2 ||     5
         Confused          |       |       |       |       |       |     1 |       ||     1
 Armour: Scale mail        |    23 |    13 |       |       |       |       |       ||    36
         Plate armour      |       |   111 |   137 |   271 |   201 |       |       ||   720
         Crystal plate arm |       |       |       |       |   497 |   150 |   214 ||   861
         Chain mail        |       |       |       |       |       |   474 |   184 ||   658
  Dodge: Dodged            |    20 |    24 |    54 |   128 |   159 |   256 |   130 ||   771
  Block: Buckler           |     1 |       |       |       |       |       |       ||     1
         Tower shield      |    26 |   156 |   216 |   528 |   974 |   927 |   431 ||  3258

Table legend: (Time is in decaauts)
 A = Elapsed time spent in this place.
 B = Non-inter-level travel time spent in this place.
 C = Inter-level travel time spent in this place.
 D = Time resting spent in this place.
 E = Time spent auto-exploring this place.
 F = Levels seen in this place.
 G = Mean time per level.
                   A        B        C        D        E       F      G
               +--------+--------+--------+--------+--------+-----+--------+
         Total |  61799 |  59604 |   2195 |  31156 |  18049 |  43 | 1437.2 |
       Dungeon |  20824 |  19793 |   1031 |   6579 |   9378 |  15 | 1388.3 |
        Temple |     70 |     42 |     28 |      0 |      0 |   1 |   70.0 |
          Lair |   6555 |   6171 |    384 |    855 |   4019 |   5 | 1311.0 |
         Swamp |   6800 |   6708 |     92 |   4303 |   1523 |   4 | 1700.0 |
     Snake Pit |   9955 |   9777 |    178 |   6608 |   1514 |   4 | 2488.8 |
  Orcish Mines |   5587 |   5346 |    241 |   3986 |    879 |   2 | 2793.5 |
   Elven Halls |  11412 |  11173 |    239 |   8596 |    695 |   3 | 3804.0 |
         Abyss |    395 |    395 |      0 |    109 |     37 |   2 |  197.5 |
         Arena |    198 |    198 |      0 |    117 |      3 |   7 |   28.3 |
               +--------+--------+--------+--------+--------+-----+--------+

Top non-repeatable levels by time:
   Elf:3: 5972 daAuts
   Orc:2: 4518 daAuts
    D:14: 4027 daAuts
   Elf:2: 3117 daAuts
 Snake:2: 3114 daAuts
 Snake:4: 3111 daAuts
 Swamp:1: 2814 daAuts
   Elf:1: 2322 daAuts
 Snake:3: 2297 daAuts
     D:7: 2019 daAuts
     D:3: 1772 daAuts
  Lair:5: 1728 daAuts
    D:13: 1697 daAuts
 Snake:1: 1432 daAuts
 Swamp:3: 1390 daAuts
